 Dungeon Crawl Stone Soup version 0.22.1-2-g9c5b331 (webtiles) character file.

105 Ultimateday the Magician (level 4, -11/24 HPs)
             Began as a Deep Elf Fire Elementalist on Dec 8, 2018.
             Mangled by a kobold
             ... wielding a +3 whip of electrocution
              (15 damage)
             ... on level 3 of the Dungeon.
             The game lasted 00:05:07 (3254 turns).

Ultimateday the Magician (DEFE)                     Turns: 3254, Time: 00:05:07

Health: -11/24     AC:  2    Str:  5    XL:     4   Next: 54%
Magic:  11/12      EV: 13    Int: 21    God:
Gold:   64         SH:  0    Dex: 15    Spells: 1/11 levels left

rFire    . . .     SeeInvis .   g - +0 club
rCold    . . .     Gourm    .   (no shield)
rNeg     . . .     Faith    .   a - +0 robe
rPois    .         Spirit   .   (no helmet)
rElec    .         Reflect  .   (no cloak)
rCorr    .         Harm     .   (no gloves)
MR       .....                  (no boots)
Stlth    ++........             (no amulet)
HPRegen  0.08/turn              (no ring)
MPRegen  0.13/turn              (no ring)

@: lethally poisoned (-11 -> -16), very slightly contaminated, hasted, very
quick
A: no striking features
a: no special abilities


You were on level 3 of the Dungeon.
You were not hungry.

You visited 1 branch of the dungeon, and saw 3 of its levels.

You collected 64 gold pieces.

Inventory:

Hand Weapons
 g - a +0 club (weapon)
Armour
 a - a +0 robe (worn)
Jewellery
 h - a +3 ring of intelligence {unknown}
Scrolls
 i - 2 scrolls of magic mapping {unknown}
 j - 2 scrolls of identify {unknown}
 k - a scroll of blinking {unknown}
 l - a scroll of immolation {unknown}
 m - a scroll of amnesia
 n - a scroll of fog {unknown}
Potions
 b - a potion of heal wounds {unknown}
 e - 2 potions of might {unknown}
 f - a potion of haste
Comestibles
 c - 10 rations
 d - 2 chunks of flesh


   Skills:
 + Level 0.2 Fighting
 - Level 2.4 Dodging
 - Level 2.4 Stealth
 + Level 4.1 Spellcasting
 + Level 3.4 Conjurations
 * Level 4.1 Fire Magic


You had one spell level left.
You knew the following spells:

 Your Spells              Type           Power        Failure   Level  Hunger
a - Flame Tongue          Conj/Fire      ###..        2%          1    None
b - Throw Flame           Conj/Fire      ###...       3%          2    #......
c - Conjure Flame         Conj/Fire      ###.....     8%          3    ###....
d - Sticky Flame          Conj/Fire      ###.....     26%         4    ####...

Your spell library contained the following spells:

 Spells                   Type           Power        Failure   Level  Hunger
 Inner Flame              Hex/Fire       ##......     16%         3    ###....
 Fireball                 Conj/Fire      ###.......   56%         5    ######.


Dungeon Overview and Level Annotations

Branches:
Dungeon (3/15)

Altars:
Kikubaaqudgha


Message History

The kobold hits you with a whip of electrocution.
You are electrocuted!
You are too injured to fight recklessly!
Casting: Flame Tongue (safe; 2% risk of failure)
Confirm with . or Enter, or press ? or * to list all spells.
Aiming: Flame Tongue (safe; 2% risk of failure)
Press: ? - help, Shift-Dir - straight line, f - kobold
Aim: a kobold, wielding a whip of electrocution You miscast Flame Tongue.
You are very lightly contaminated with residual magic.
Sparks fly from your hands!
A giant cockroach comes into view.
An orc comes into view. It is wielding a hand axe.
The kobold hits you with a whip of electrocution.
* * * LOW HITPOINT WARNING * * *
It was a potion of haste.
You feel yourself speed up.
* * * LOW HITPOINT WARNING * * *
You feel sick. The kobold hits you but does no damage.
You are electrocuted!
Ouch! That really hurt!
You die...

... ... ..os .o...
##o.. ... ### ###K#
..## #.@.# ...#
########(### ...#
#>.........#####.#
...###.#######........#
.......## #.########
..##....######.######
.#P...................
...........####.###.#+
.....#.PPP.# .#


You could see 3 orcs, a giant cockroach (wandering) and a kobold.

Vanquished Creatures
  3 adders (D:2)
  An ooze (D:2)
  A worm (D:2)
  A dart slug (D:2)
  2 leopard geckos
  7 giant cockroaches
  10 goblins
  5 hobgoblins
  6 jackals (D:2)
  11 kobolds
  7 bats
  6 rats
60 creatures vanquished.

Notes
Turn   | Place    | Note
-------+----------+-------------------------------------------
     0 | D:1      | Ultimateday the Deep Elf Fire Elementalist began the quest
                  | for the Orb.
     0 | D:1      | Reached XP level 1. HP: 10/10 MP: 6/6
   249 | D:1      | Reached XP level 2. HP: 12/15 MP: 5/8
   555 | D:1      | Learned a level 2 spell: Throw Flame
  1171 | D:1      | Reached XP level 3. HP: 9/19 MP: 8/10
  1181 | D:1      | Learned a level 3 spell: Conjure Flame
  2172 | D:2      | Reached XP level 4. HP: 24/24 MP: 7/11
  2604 | D:2      | Learned a level 4 spell: Sticky Flame
  3071 | D:3      | Found an ancient bone altar of Kikubaaqudgha.
  3254 | D:3      | Mangled by a kobold

Skill      XL: |  1  2  3  4 |
---------------+-------------+-----
Conjurations   | 2 3 |  3.4
Spellcasting   | 4 |  4.1
Fire Magic     | 4 |  4.1
Fighting       | |  0.2
Dodging        | |  2.4
Stealth        | |  2.4

Action                   |  1- 3 |  4- 6 || total
-------------------------+-------+-------++-------
Melee: Unarmed           |     1 |       ||     1
       Club              |    60 |    36 ||    96
 Cast: Flame Tongue      |    55 |    31 ||    86
       Throw Flame       |     7 |       ||     7
  Use: Scroll            |     5 |       ||     5
       Potion            |       |     1 ||     1
 Stab: Sleeping          |     2 |     4 ||     6
  Eat: Chunk             |     4 |     3 ||     7
Armor: Robe              |    17 |     8 ||    25
Dodge: Dodged            |    65 |    43 ||   108
